 Dungeon Crawl Stone Soup version 0.21-a0-504-g2eda33064f (webtiles) character file.

330 Infinimo the Cudgeler (level 6, -4/70 HPs)
             Began as a Demonspawn Berserker on Nov 26, 2017.
             Was a Believer of Trog.
             Slain by a worker ant (8 damage)
             ... on level 3 of the Dungeon.
             The game lasted 00:08:36 (4021 turns).

Infinimo the Cudgeler (Demonspawn Berserker)        Turns: 4021, Time: 00:08:36

Health: -4/70      AC:  2    Str: 24    XL:     6   Next: 26%
Magic:  6/6        EV: 12    Int:  9    God:    Trog [**....]
Gold:   288        SH:  0    Dex: 16    Spells: 5/5 levels left

rFire    . . .     SeeInvis .   a - +1 mace
rCold    . . .     Gourm    .   (no shield)
rNeg     . . .     Faith    .   b - +0 animal skin
rPois    .         Spirit   .   d - +0 helmet
rElec    .         Reflect  .   (no cloak)
rCorr    .         Harm     .   n - -2 pair of gloves
MR       .....                  (no boots)
Stlth    ..........             (no amulet)
HPRegen  1.21/turn              (no ring)
MPRegen  0.10/turn              (no ring)

@: berserking, lethally poisoned (-4 -> -4), very quick
A: thin skeletal structure 2, powered by death 1
a: Berserk, Trog's Hand, Burn Spellbooks, Renounce Religion


You were on level 3 of the Dungeon.
You worshipped Trog.
Trog was pleased with you.
You were hungry.

You visited 1 branch of the dungeon, and saw 4 of its levels.

You collected 288 gold pieces.

Inventory:

Hand Weapons
 a - a +1 mace (weapon)
Armour
 b - a +0 animal skin (worn)
 d - a +0 helmet (worn)
 n - a -2 pair of gloves (worn)
Scrolls
 e - 2 scrolls of remove curse
 h - a scroll of magic mapping
 l - 2 scrolls of identify
 o - a scroll of enchant weapon
Potions
 g - 2 potions of lignification
 j - a potion of flight {unknown}
 k - 2 potions of haste {unknown}
 m - a potion of heal wounds {unknown}
 p - a potion of agility {unknown}
 q - a potion of ambrosia {unknown}
Comestibles
 c - 2 bread rations
 f - 6 fruits
 i - 2 royal jellies


   Skills:
 - Level 3.0 Fighting
 + Level 6.5 Maces & Flails
 - Level 1.7 Armour
 - Level 1.7 Dodging


You had 5 spell levels left.
You didn't know any spells.

Dungeon Overview and Level Annotations

Branches:
Dungeon (4/15)
 Temple: D:4-7

Altars:


Innate Abilities, Weirdness & Mutations

You have a moderately thin skeletal structure. (Dex +4, Stealth+)
You regenerate a little health from kills.


Message History

The hound bites you.
* * * LOW HITPOINT WARNING * * *
The hound is almost dead.
You feel sick.
The hound is almost dead.
The hound bites you.
* * * LOW HITPOINT WARNING * * *
The worker ant bites you.
* * * LOW HITPOINT WARNING * * *
You sock the hound!
You kill the hound!
Trog accepts your kill. The worker ant bites you.
* * * LOW HITPOINT WARNING * * *
You sock the worker ant!
The worker ant is almost dead.
You feel sick.
The worker ant is almost dead.
The worker ant bites you!
You die...

.#.############.##.#
........#### #.##.#
.#.#.......# #.##.#
.#.#.#####.# #.##.#
.#.#.# #.####)##.#
.#...# #......##.#
.#...# #.#######.#
.#...#####.#######.#
...............a@..#
.###.#####.#########
## ##.###.##
######...##
........## #########


You could see a worker ant.

Vanquished Creatures
  Grinder (D:3)
  A hound (D:3)
  3 adders (D:2)
  3 worms (D:2)
  3 dart slugs
  3 leopard geckos
  7 orcs (D:3)
  2 giant cockroaches
  8 hobgoblins
  2 jackals (D:2)
  4 kobolds
  11 bats
  7 frilled lizards
  3 goblins
  11 rats
69 creatures vanquished.

Notes
Turn   | Place    | Note
-------+----------+-------------------------------------------
     0 | D:1      | Infinimo the Demonspawn Berserker began the quest for the Orb.
     0 | D:1      | Reached XP level 1. HP: 18/18 MP: 1/1
    15 | D:1      | Reached skill level 3 in Maces & Flails
   245 | D:1      | Gained mutation: You have a somewhat thin skeletal structure. (Dex +2, Stealth) [demonic ancestry]
   245 | D:1      | Reached XP level 2. HP: 22/24 MP: 2/2
   556 | D:1      | Reached ** piety under Trog
   816 | D:1      | Reached XP level 3. HP: 29/29 MP: 3/3
   959 | D:2      | Reached skill level 4 in Maces & Flails
  1742 | D:2      | Reached XP level 4. HP: 19/35 MP: 4/4
  2796 | D:3      | Found a transporter.
  2898 | D:3      | Found a faded altar of an unknown god.
  2968 | D:3      | Found a transporter.
  3400 | D:3      | Noticed Grinder
  3407 | D:3      | Killed Grinder
  3407 | D:3      | Reached skill level 6 in Maces & Flails
  3407 | D:3      | Gained mutation: You have a moderately thin skeletal structure. (Dex +4, Stealth+) [demonic ancestry]
  3407 | D:3      | Reached XP level 5. HP: 41/41 MP: 5/5
  3407 | D:3      | Gained mutation: You regenerate a little health from kills. [demonic ancestry]
  3407 | D:3      | Reached XP level 6. HP: 47/47 MP: 6/6
  4018 | D:3      | HP: 3/70 [worker ant (2)]
  4021 | D:3      | Slain by a worker ant

Vault maps used:
D:1:      dpeg_arrival_tiny_g
D:2:      grunt_ministairs_2
D:3:      gammafunk_wand_slinger, chequers_ecumenical_altar_simple, uniq_grinder
D:4:      uniq_duvessa, uniq_natasha

Skill      XL: |  1  2  3  4 |
---------------+-------------+-----
Maces & Flails | 3 4 6 |  6.5
Fighting       | |  3.0
Armour         | |  1.7
Dodging        | |  1.7

Action                   |  1- 3 |  4- 6 || total
-------------------------+-------+-------++-------
Melee: Mace              |   117 |    72 ||   189
Invok: Berserk           |     3 |     5 ||     8
  Use: Scroll            |       |     7 ||     7
       Potion            |       |     2 ||     2
 Stab: Sleeping          |     5 |     6 ||    11
  Eat: Chunk             |     5 |     3 ||     8
       Bread ration      |       |     2 ||     2
Armor: Animal skin       |    39 |     7 ||    46
Dodge: Dodged            |   112 |    45 ||   157

Table legend:
 A = Spawn XP
 B = Non-spawn XP
 C = Spawn XP percentage of total XP
 D = Spawn monster count
 E = Non-spawn monster count
 F = Spawn count percentage of total count
 G = Total turns spent on level
                    A         B        C        D         E        F      G
               +---------+---------+-------+---------+---------+-------+---------
         Total |       0 |     472 |   0.0 |       0 |      69 |   0.0 |  4021
               +---------+---------+-------+---------+---------+-------+---------
           D:1 |       0 |      42 |   0.0 |       0 |      28 |   0.0 |   876
           D:2 |       0 |      77 |   0.0 |       0 |      18 |   0.0 |  1714
           D:3 |       0 |     353 |   0.0 |       0 |      23 |   0.0 |  1424
               +---------+---------+-------+---------+---------+-------+---------
